Map: Curious Minds LE

Players

Giaphage

  • Race: Terran Terran
  • League: Diamond

TheCowboy - Winner!

  • Race: Zerg Zerg
  • League: Grandmaster

VOD

Have the link to the VOD?

Description

Time

  • Played on: Jan. 27, 2022, 2:41 p.m.
  • Length: 4:35
Show
View Real Time Build Order
Export as new Build Order

Giaphage Terran 

Build Orders:  

Get SALT Encoding   

  12  0:00  SCV  
  13  0:12  SCV  
  14  0:17  Supply Depot  
  14  0:24  SCV  
  15  0:38  SCV  
  15  0:40  Barracks  
  16  0:43  Refinery  
  16  0:50  SCV  
  17  1:02  SCV  
  18  1:17  SCV  
  19  1:28  Marine  
  20  1:34  Orbital Command  
  20  1:41  Command Center  
  20  1:47  Barracks Reactor  
  20  1:53  Supply Depot  
  20  2:02  SCV  
  21  2:09  Factory  
  21  2:15  SCV  
  22  2:27  SCV  
  22  2:28  Marine x2  
  25  2:39  SCV  
  27  2:51  SCV  
  26  2:58  Orbital Command  
  27  3:00  Barracks Tech Lab  
  27  3:03  SCV  
  27  3:05  Command Center  
  28  3:10  Hellion  
  30  3:14  Hellion  
  30  3:16  SCV  
  33  3:24  Starport  
  33  3:26  SCV  
  34  3:28  SCV  
  37  3:34  Hellion  
  37  3:38  SCV  
  37  3:40  SCV, Hellion  
  41  3:43  Supply Depot  
  41  3:50  SCV  
  41  3:53  SCV  
  43  3:57  Marine  
  45  4:11  Widow Mine  
  45  4:21  Bunker x2  
Show
View Real Time Build Order
Export as new Build Order

TheCowboy Zerg - Winner!

Build Orders: Hatch First 

Get SALT Encoding   

  12  0:01  Drone  
  13  0:12  Overlord  
  13  0:17  Drone  
  14  0:31  Drone x2  
  16  0:48  Hatchery  
  15  0:51  Drone  
  15  0:54  Drone  
  17  0:58  Drone  
  18  1:09  Extractor  
  17  1:14  Spawning Pool  
  17  1:16  Drone  
  17  1:20  Drone  
  18  1:28  Drone  
  19  1:39  Drone  
  20  1:50  Drone  
  21  2:00  Queen x2  
  25  2:01  Zergling x4  
  27  2:12  Overlord  
  27  2:13  Drone  
  28  2:20  Roach Warren  
  28  2:21  Drone  
  28  2:31  Drone  
  28  2:33  Drone x2  
  31  2:43  Overlord x2  
  31  2:59  Roach x2  
  31  3:05  Roach x2  
  39  3:09  Roach x2  
  39  3:10  Roach  
  39  3:11  Roach  
  39  3:12  Roach  
  49  3:27  Ravager  
  49  3:31  Hatchery  
  49  3:32  Drone x2  
  51  3:40  Drone  
  52  3:50  Overlord  
  52  3:58  Overlord  
  54  4:10  Drone  
  54  4:11  Drone x5, Overlord  
  60  4:21  Drone x2  
Tags
 
Add a new tag
Caveats
  • Supply blocks, unpowered buildings, or Contaminate may cause inaccurate times.
  • Supply counts are checked every 10 seconds.